AoeStats
← Falsche Haut

Nomad

509949900Analyzed
2v2 RM · 2d ago on Sep 28, 2026· 21m 32s· 4 players
Game mode
Random Map
Map size
176×176
Population
200
Speed
Normal
Resources
Standard
Victory
Conquest
Starting age
Dark Age
Ending age
Imperial Age
RankedLock teamsTeams togetherTeam positionsShared explorationLock speedFull tech treeHidden civsTurbo modeCheats
Victory
Defeat
🇩🇪 Italians · Germany
1645
+10
🇩🇪 Persians · Germany
1635
+12
🇫🇷 Franks · France
1518
-11
🇫🇷 Teutons · France
1517
-11
CroustiPorc
4:19 Loom
12:09 Feudal Age
18:14 Castle Age
18:31 Forging
18:56 Double-Bit Axe
19:29 Husbandry
20:37 Squires
TH3 P1NK UN1C0RN
4:49 Loom
12:36 Feudal Age
17:43 Castle Age
18:09 Scale Barding Armor
17:58 Double-Bit Axe
18:46 Horse Collar
21:06 Forging
22:00 Bloodlines
Saint Martinique
15:00 Feudal Age
15:34 Double-Bit Axe
15:35 Fishing Lines
16:01 Gold Mining
18:29 Castle Age
17:22 Scale Barding Armor
17:28 Forging
18:04 Bloodlines
19:17 Chain Barding Armor
18:58 Gillnets
19:29 Loom
20:22 Husbandry
Falsche Haut
5:02 Loom
12:42 Feudal Age
18:32 Castle Age
20:19 Fletching
20:26 Double-Bit Axe
Connection lost

Rejoining the realm…

Still unreachable

The connection could not be restored.

Session expired

The server has moved on; the page needs a fresh start.